omghax, neutral male scurrid Tourist ------ |..{}| |}};@| |}}... |....| ------ omghax the Rambler Experience level: 1 Strength: 15 Dexterity: 13 Constitution: 13 Intelligence: 13 Wisdom: 7 Charisma: 15 Health: 0(9) Energy: 2(2) Def: 0 Gold: 964 Moves: 41 Dungeon seed: Hogkioy9BcDfSj7n Game ID: omghax_1498611264 Your Inventory: Coins $ - 964 gold pieces Weapons a - 50 uncursed +2 darts (in quiver) Armor e - an uncursed +0 Hawaiian shirt (being worn) Comestibles b - an uncursed pancake c - an uncursed tin of newt meat d - 3 uncursed food rations f - an uncursed egg g - an uncursed tin of spinach h - an uncursed tin of jackal meat i - an uncursed tin of kobold meat j - an uncursed tin of lichen Scrolls l - a blessed scroll of magic mapping m - 3 uncursed scrolls of magic mapping s - a blessed scroll of identify Potions k - 2 uncursed potions of extra healing Wands p - an uncursed wand of secret door detection (0:13) Tools n - an uncursed expensive camera (0:54) o - an uncursed credit card q - an uncursed oil lamp (0:1295) Spells and supernatural/magical abilities: Name Level Category Fail Memory W - pray for help -- divine ? -- Your skills at the end: Miscellaneous Skills wands [Basic] Weapon Skills dart [Basic] Spellcasting Skills Final Attributes: You were devoutly aligned. You had infravision. You were very stealthy. You are dead. Voluntary challenges: You went without food. You did not adorn yourself with jewelry or accessories. You did not cause conflict. You were not invisible. You did not have reflection. You were not displaced. You were an atheist. You never hit with a wielded weapon. You were a pacifist. You did not use tools. You did not use plumbed fixtures. You did not drink any magical draughts. You were illiterate. You never genocided any monsters. You never polymorphed an object. You never changed form. You used no wishes. You never split a pudding. You never wrote Elbereth's name. You never violated your personal moral code. Dungeon overview: The Dungeons of Doom: levels 1 to 17 Level 1 a fountain a long staircase Level 2 Level 3 a long staircase Level 4 Level 5 Level 6 some fountains Level 7 Level 8 a fountain Level 9 Level 10 Level 11 Level 12 a fountain Level 13 Level 14 Level 15 a fountain Level 16 Level 17 <- You were here a fountain History has recorded: On T:1 you entered the Dungeons of Doom to retrieve the Amulet of Yendor! On T:4 you reached level 2 of The Dungeons of Doom. On T:7 you reached level 3 of The Dungeons of Doom. On T:9 you reached level 4 of The Dungeons of Doom. On T:11 you reached level 5 of The Dungeons of Doom. On T:13 you reached level 6 of The Dungeons of Doom. On T:16 you reached level 7 of The Dungeons of Doom. On T:18 you reached level 8 of The Dungeons of Doom. On T:20 you reached level 9 of The Dungeons of Doom. On T:22 you reached level 10 of The Dungeons of Doom. On T:26 you reached level 11 of The Dungeons of Doom. On T:28 you reached level 12 of The Dungeons of Doom. On T:31 you reached level 13 of The Dungeons of Doom. On T:33 you reached level 14 of The Dungeons of Doom. On T:35 you reached level 15 of The Dungeons of Doom. On T:37 you reached level 16 of The Dungeons of Doom. On T:37 you entered the Rogue tribute level. On T:40 you reached level 17 of The Dungeons of Doom. Score breakdown: Gold: 7 ( 0 points) Experience: 1 level ( 0 points) Exploration: 17 levels ( 480 points) Discoveries: 1 item ( 50 points) Variety of kills: 0 monsters ( 0 points) Major goal: (nothing yet) ( 0 points) Survival: died (score multiplied by 3) Total score: 1590 Latest messages: You dig a pit in the floor. You continue digging downward. You dig a hole through the floor. You fall through... You start digging downward. You continue digging downward. You dig a pit in the floor. You continue digging downward. You dig a hole through the floor. You fall through... You enter what seems to be an older, more primitive world. You start digging downward. You continue digging downward. You dig a pit in the floor. You continue digging downward. You dig a hole through the floor. You fall through... $ - 7 gold pieces. You start digging downward. You continue digging downward. You dig a pit in the floor. The piranha bites! (2x) You die... Final status: Aloha omghax the Tourist, killed by a piranha... You died in The Dungeons of Doom on dungeon level 17 with 1590 points, and 964 pieces of gold, after 41 moves. You were level 1 with a maximum of 9 hit points when you died.